 Dungeon Crawl Stone Soup version 0.25.0-9-g26727b657a (webtiles) character file.

Game seed: 3293964570962148599

67 Esekla the Charmwright (level 4, -1/40 HPs)
             Began as a Naga Skald on June 18, 2020.
             Slain by a gnoll
             ... wielding a +0 halberd
              (11 damage)
             ... on level 4 of the Dungeon on June 19, 2020.
             The game lasted 00:07:54 (1534 turns).

Esekla the Charmwright (Naga Skald)                 Turns: 1534, Time: 00:07:54

Health: -1/40      AC:  3    Str: 13    XL:     4   Next: 16%
Magic:  7/7        EV:  9    Int: 15    God:
Gold:   137        SH:  0    Dex: 10    Spells: 2/7 levels left

rFire    . . .     SeeInvis +   a - +0 falchion
rCold    . . .     Gourm    .   (no shield)
rNeg     . . .     Faith    .   b - +0 leather armour
rPois    +         Spirit   .   (no helmet)
rElec    .         Reflect  .   (no cloak)
rCorr    .         Harm     .   l - +0 pair of gloves (curse)
MR       .....                  (no barding)
Stlth    +.........             (no amulet)
HPRegen  0.13/turn              (no ring)
MPRegen  0.10/turn              (no ring)

@: short of breath, very slow
A: large, see invisible, deformed body, poison resistance, slowness 2, slow
metabolism 1, spit poison 1, AC +1
a: Spit Poison


You were on level 4 of the Dungeon.
You were hungry.

You visited 1 branch of the dungeon, and saw 4 of its levels.

You collected 137 gold pieces.

Inventory:

Hand Weapons
 a - a +0 falchion (weapon)
 p - a +0 trident
Missiles
 m - 7 poisoned darts (quivered)
 n - 3 boomerangs
Armour
 b - a +0 leather armour (worn)
 l - a cursed +0 pair of gloves (worn)
Wands
 j - a wand of iceblast (6)
Scrolls
 c - 2 scrolls of identify {unknown}
 i - a scroll of teleportation {unknown}
 k - a scroll of fear {unknown}
Potions
 e - a potion of might {unknown}
 f - a potion of haste {unknown}
 g - a potion of stabbing {unknown}
 h - a potion of degeneration {unknown}
 o - 2 potions of curing {unknown}
Comestibles
 d - 4 rations


   Skills:
 * Level 2.8 Fighting
 * Level 2.6 Long Blades
 - Level 0.7 Armour
 + Level 1.7 Dodging
 + Level 0.2 Stealth
 + Level 2.2 Spellcasting
 - Level 3.0 Charms
 * Level 1.8 Translocations


You had 2 spell levels left.
You knew the following spells:

 Your Spells              Type           Power        Failure   Level  Hunger
a - Infusion              Chrm           ##..         9%          1    #......
b - Shroud of Golubria    Chrm/Tloc      #.....       16%         2    ###....
c - Song of Slaying       Chrm           ##......     12%         2    ###....

Your spell library contained the following spells:

 Spells                   Type           Power        Failure   Level  Hunger
 Ozocubu's Armour         Chrm/Ice       #.......     41%         3    ###....
 Spectral Weapon          Hex/Chrm       #.......     41%         3    ###....


Dungeon Overview and Level Annotations

Branches:
Dungeon (4/15)
 Temple: D:4-7

Altars:
Zin


Innate Abilities, Weirdness & Mutations

You cannot wear boots.
Your serpentine skin is tough. (AC +1)
You have supernaturally acute eyesight. (SInv)
Armour fits poorly on your strangely shaped body.
Your system is resistant to poisons. (rPois)
You cover ground very slowly.
You have a slow metabolism.
You can spit poison.


Message History

The gnoll hits you with a +0 halberd!
* * * LOW HITPOINT WARNING * * *
Cast which spell? (? or * to list)
Okay, then.
Press: ? - help, Shift-Dir - straight line, f - gnoll shaman
Aim: a gnoll shaman, wielding a -3 club and wearing a +0 robe The splash of poison hits the gnoll.
The gnoll is poisoned.
The gnoll is moderately wounded.
You feel slightly more hungry.
A worker ant comes into view.
A gnoll comes into view. It is wielding a -1 spear.
The gnoll barely misses you.
You riposte.
The gnoll shouts!
You hit the gnoll but do no damage.
The gnoll is moderately wounded.
The worker ant moves out of view.
You closely miss the gnoll.
The gnoll is moderately wounded.
The gnoll hits you with a +0 halberd!
You die...

#....(.. ## #.# ....#..###
. .. #..>##.... .##.##
#........ ..... .....##
#..# ##...#######.# #
.(....##.....# #####.###
..###........######g.......
..##....####...>@glg..g....
....>#### ########g.......
###### #....a... #........
#........ #........
#........ #........


You could see a gnoll shaman, a worker ant, 4 gnolls and a leopard gecko.

Vanquished Creatures
  An iguana (D:3)
  2 adders
  An ooze (D:3)
  3 orcs
  A bat (D:2)
  2 jackals (D:2)
  5 kobolds
  A ball python (D:4)
  A frilled lizard (D:2)
  2 rats (D:2)
19 creatures vanquished.

Notes
Turn   | Place    | Note
-------+----------+-------------------------------------------
     0 | D:1      | Esekla the Naga Skald began the quest for the Orb.
     0 | D:1      | Reached XP level 1. HP: 19/19 MP: 3/3
    56 | D:2      | Reached XP level 2. HP: 7/26 MP: 5/5
   360 | D:2      | Learned a level 2 spell: Shroud of Golubria
   363 | D:2      | Learned a level 2 spell: Song of Slaying
   701 | D:2      | Found a glowing silver altar of Zin.
   702 | D:2      | Noticed an angel
   834 | D:2      | Reached skill level 1 in Translocations
   989 | D:3      | Reached XP level 3. HP: 29/33 MP: 1/6
  1173 | D:4      | Reached XP level 4. HP: 28/40 MP: 7/7
  1534 | D:4      | Slain by a gnoll

Illustrated notes

Levels and vault maps discovered:
D:1:      psy_arrival_radial01, layout_basic, grunt_decor_cap
D:2:      layout_basic, zin_angel, grunt_gozag_statues, chequers_avenue,
          minmay_misc_feat_tiny
D:3:      layout_loops_corners, first_ration, chequers_ecumenical_altar_island
D:4:      layout_rooms, uniq_sigmund

Skill      XL: |  1  2 |
---------------+-------+-----
Translocations | 1 |  1.8
Fighting       | |  2.8
Long Blades    | |  2.6
Armour         | |  0.7
Dodging        | |  1.7
Stealth        | |  0.2
Spellcasting   | |  2.2
Charms         | |  3.0

Action                   |  1- 3 |  4- 6 || total
-------------------------+-------+-------++-------
Melee: Falchion          |    36 |     8 ||    44
 Cast: Shroud of Golubri |     1 |       ||     1
       Song of Slaying   |     1 |       ||     1
 Abil: Spit Poison       |     7 |     3 ||    10
  Eat: Chunk             |     1 |       ||     1
Armor: Leather armour    |    14 |     1 ||    15
Dodge: Dodged            |    32 |     5 ||    37
       Rpst.: Falchion   |    11 |     2 ||    13
